 Dungeon Crawl Stone Soup version 0.29.1-15-g9cfb28693d (webtiles) character file.

Game seed: 18125712324523132197

276794 Gumption the Slayer (level 19, -2/171 HPs)
             Began as a Minotaur Berserker on Mar 28, 2023.
             Was a High Priest of Trog.
             Killed from afar by a starcursed mass (11 damage)
             ... with an accursed screaming
             ... on level 4 of the Abyss.
             The game lasted 04:12:03 (38947 turns).

Gumption the Slayer (Minotaur Berserker)           Turns: 38947, Time: 04:12:04

Health: -2/171     AC: 30    Str: 30      XL:     19   Next: 59%
Magic:  0/18       EV: 22    Int:  3 (6)  God:    Trog [*****.]
Gold:   2414       SH: 20    Dex: 18 (20) Spells: 18/18 levels left

rFire   . . .      SeeInvis .   a - +3 broad axe (drain)
rCold   + . .      Faith    .   Z - +1 kite shield of Solebb {Rampage rPois Will- Dex+6}
rNeg    . . .      Spirit   .   G - +8 plate armour {ponderous}
rPois   +          Reflect  +   Y - +1 hat
rElec   +          Harm     .   p - +0 cloak
rCorr   .          Rampage  +   s - +0 pair of gloves {infuse}
Will    +++..                   W - +0 pair of boots
Stlth   ..........              K - amulet of reflection
HPRegen 1.00/turn               X - ring "Hyell" {rElec rC+ Str+4 Dex+2 Slay+2}
MPRegen 0.16/turn               d - ring of willpower

@: agile, strong-willed, corroded, sick, regenerating, slowed, very slow
A: horns 2, retaliatory headbutt, frail 1
}: 2/15 runes: decaying, gossamer
a: Renounce Religion, Berserk, Trog's Hand, Brothers in Arms


You were on level 4 of the Abyss.
You worshipped Trog.
Trog was extremely pleased with you.
You visited 6 branches of the dungeon, and saw 31 of its levels.
You visited the Abyss 1 time.
You also visited: Ice Cave.

You collected 3165 gold pieces.
You spent 751 gold pieces at shops.

Inventory:

Hand Weapons
 a - a +3 broad axe of draining (weapon)
 b - a +2 whip of electrocution
Missiles
 A - 4 curare-tipped darts
 E - a throwing net
 P - 4 boomerangs (quivered)
Armour
 e - a +2 kite shield of fire resistance
 p - a +0 cloak (worn)
 s - a +0 pair of gloves of infusion (worn)
 G - a +8 plate armour of ponderousness (worn)
 W - a +0 pair of boots (worn)
 Y - a +1 hat (worn)
 Z - the +1 kite shield of Solebb (worn) {Rampage rPois Will- Dex+6}
   (You acquired it on level 1 of the Spider Nest)

   Dex:       It affects your dexterity (+6).
   rPois:     It protects you from poison.
   Rampage:   It bestows one free step when moving towards enemies.
   Will:      It decreases your willpower.
Jewellery
 d - a ring of willpower (right hand)
 f - an amulet of regeneration
 h - a +4 ring of protection
 K - an amulet of reflection (around neck)
 O - a ring of resist corrosion
 R - a ring of flight
 V - a ring of willpower
 X - the ring "Hyell" (left hand) {rElec rC+ Str+4 Dex+2 Slay+2}
   (You found it in an ice cave)

   [ring of protection from cold]

   Str:       It affects your strength (+4).
   Dex:       It affects your dexterity (+2).
   Slay:      It affects your accuracy & damage with ranged weapons and melee
   (+2).
   rC:        It protects you from cold.
   rElec:     It insulates you from electricity.
Wands
 o - a wand of roots (41)
 x - a wand of quicksilver (11)
 F - a wand of charming (22)
 J - a wand of mindburst (2)
 N - a wand of polymorph (7)
 S - a wand of flame (85)
 U - a wand of digging (7)
Scrolls
 g - 12 scrolls of teleportation
 i - 6 scrolls of enchant armour
 m - 3 scrolls of poison
 q - 2 scrolls of magic mapping
 r - 17 scrolls of identify
 t - 8 scrolls of fear
 v - 4 scrolls of blinking
 y - 2 scrolls of brand weapon
 C - 5 scrolls of immolation
 D - 5 scrolls of butterflies
 M - a scroll of summoning
 T - a scroll of enchant weapon
Potions
 c - 5 potions of mutation
 j - 6 potions of heal wounds
 k - a potion of might
 n - 8 potions of cancellation
 u - 3 potions of berserk rage
 w - 5 potions of flight
 z - 2 potions of haste
 B - 3 potions of resistance
 H - 4 potions of ambrosia
 I - 4 potions of magic
 L - 8 potions of curing
 Q - a potion of invisibility


   Skills:
 + Level 21.8 Fighting
 - Level 18.0 Axes
 + Level 21.7 Armour
 + Level 17.0 Dodging
 + Level 15.8 Shields


You had 18 spell levels left.
You didn't know any spells.
Your spell library was empty.

Dungeon Overview and Level Annotations

Branches:
Dungeon (15/15)            Temple (0/1) D:4            Lair (5/5) D:8
  Swamp (4/4) Lair:2       Spider (4/4) Lair:2        Slime (0/5) Lair:4
    Orc (2/2) D:12            Elf (1/3) Orc:2        Vaults (0/5) D:14
 Depths (0/4) D:15          IceCv (visited)

Altars:
Cheibriados
Elyvilon
Nemelex Xobeh
Sif Muna
Trog
Wu Jian
Xom
Zin
The Shining One
Jiyva

Shops:
D:8 *   Orc:1 ?   Orc:2 ![?(

Annotations:
Lair:5 2 transporters, SharpKris's ghost, journeyman SpFE
Swamp:4 Roxanne
Spider:4 3 runed translucent doors, Maetef's ghost, journeyman GnSk; engelados's ghost, adept BaIE; reativica's ghost, journeyman CeHu
Orc:1 2 transporters, RogiNicba's ghost, journeyman MiBe


Innate Abilities, Weirdness & Mutations

You have a pair of horns on your head.
You reflexively headbutt those who attack you in melee.
You are frail. (-10% HP)


Message History

The thrashing horror tramples your two-headed ogre.
Your two-headed ogre stumbles backwards!
The phantasmal warrior completely misses you.
The thrashing horror tramples your two-headed ogre!
Your two-headed ogre holds its ground!
The thrashing horror tramples your two-headed ogre.
Your two-headed ogre holds its ground!
Your two-headed ogre hits the thrashing horror with a +0 giant club!!
Your two-headed ogre barely misses the thrashing horror.
The entropy weaver hits your two-headed ogre! x2
Your two-headed ogre dies!
Your two-headed ogre's corpse disappears in a puff of smoke!
A chorus of shrieks assaults your mind.
* * * LOW HITPOINT WARNING * * *
The phantasmal warrior misses you. You furiously retaliate!
You headbutt the phantasmal warrior!
You rampage towards the entropy weaver!
You hit the entropy weaver but do no damage.
The entropy weaver is heavily wounded.
You slice the thrashing horror!!
You block the thrashing horror's attack. x2
You block the entropy weaver's attack. x3
The entropy weaver hits you but does no damage.
You block the thrashing horror's attack.
The thrashing horror tramples you but does no damage.
The entropy weaver hits you.
* * * LOW HITPOINT WARNING * * *
The entropy weaver hits you.
* * * LOW HITPOINT WARNING * * *
The entropy weaver hits you but does no damage. x2
You slash the entropy weaver! You drain the entropy weaver.
Your headbutt misses the entropy weaver.
The entropy weaver is severely wounded.
You slash the thrashing horror! x2
You destroy the thrashing horror!
Trog accepts your kill.
The thrashing horror churns violently!
The thrashing horror seems to grow stronger.
A chorus of shrieks assaults your mind.
You die...

.. #.... .# #..#
.. #. #
..#####......
#.##.......#.#.#
.......W3.....#
.⌠#X.V###..
###X{†# ..#
##.#.XX# . X##
#.B@XW.# ... # #
#+.#..§##. X ##
###...X#..X##..
. ###§.#.......#
# . ##.# .## . .
.. # .. ##...#
#.. .. . φ#⌠ .
.### . .. X
#....#. .. . . #
.*# . ..


You could see 4 starcursed masses, an entropy weaver (drained), a thrashing
horror (strong), a large abomination, a phantasmal warrior (summoned), a
neqoxec, a vampire (summoned) and a wraith (summoned).

Vanquished Creatures
  Jorgrun (D:12)
  A tentacled starspawn (Abyss:4)
  2 thorn hunters
  A fenstrider witch (Swamp:3)
  An azure jelly (IceCv)
  A cacodemon (Abyss:4)
  2 ghost moths
  5 emperor scorpions
  2 ghouls (Swamp:4)
  An ironbound preserver (D:14)
  5 broodmothers
  3 quicksilver oozes (IceCv)
  4 eleionomae
  2 spark wasps
  6 entropy weavers
  7 bunyips
  3 fire dragons (Swamp:4)
  Josephine (Orc:1)
  18 hydras
  Harold (Orc:1)
  5 rakshasas
  13 boulder beetles
  4 ogre magi (Orc:2)
  7 catoblepae
  21 two-headed ogres
  An anaconda (shapeshifter) (D:15)
  2 ghost crabs
  7 centaur warriors
  3 radroaches (Spider:4)
  A death scarab (Spider:4)
  9 dancing weapons (Elf:1)
  8 alligators
  A tengu warrior (D:15)
  14 death yaks
  5 thrashing horrors (Abyss:4)
  A spriggan berserker (Swamp:3)
  Amaemon (Lair:1)
  Sonja (Lair:1)
  3 deep elf knights (Elf:1)
  A skeletal warrior (D:14)
  A sixfirhy (Abyss:4)
  2 fire crabs (Swamp:4)
  3 pharaoh ants
  11 steelbarb worms
  5 goliath frogs
  A glowing orange brain (D:15)
  6 spriggan druids
  7 bog bodies
  4 deep elf archers (Elf:1)
  11 swamp dragons
  5 orb spiders
  A lindwurm (Swamp:4)
  An orc knight (Orc:1)
  8 deep elf pyromancers
  A necromancer (Swamp:3)
  14 ugly things
  5 manticores
  9 deep elf zephyrmancers (Elf:1)
  18 wolf spiders
  4 will-o-the-wisps
  Maurice (D:9)
  6 cyclopes
  2 ice statues (IceCv)
  A guardian serpent (D:15)
  8 black mambas
  3 moths of wrath
  7 elephants
  3 torpor snails
  2 apocalypse crabs (Abyss:4)
  5 gargoyles
  An orange demon (Lair:1)
  9 cane toads
  A smoke demon (Abyss:4)
  A rime drake (shapeshifter) (D:15)
  8 rime drakes
  An efreet (D:15)
  14 komodo dragons
  A freezing wraith (D:14)
  15 demonic crawlers
  13 meliai
  An ancient zyme (Abyss:4)
  7 trolls
  15 tarantellas
  A wolf spider simulacrum (D:14)
  Grinder (D:5)
  12 tyrant leeches
  5 hornets
  10 blink frogs
  39 slime creatures
  10 culicivoras
  12 jumping spiders
  7 dream sheep (Lair:4)
  2 shadows (D:12)
  5 air elementals (Elf:1)
  2 vampires
  2 centaur simulacra (D:14)
  4 spriggans
  A water elemental (Elf:1)
  7 wraiths
  2 wyverns
  A fire elemental (Elf:1)
  57 yaks
  3 basilisks
  5 steam dragons (Swamp:4)
  24 redbacks
  A two-headed ogre zombie (D:12)
  2 wargs (Orc:2)
  12 vampire mosquitoes
  Edmund (D:5)
  20 swamp worms
  An acid dragon (D:12)
  15 water moccasins
  Duvessa (D:5)
  3 ice beasts
  5 swamp drakes
  8 orc warriors
  5 black bears
  25 ogres
  2 sky beasts
  2 great orb of eyes simulacra (IceCv)
  A centaur (D:8)
  6 wolves (Lair:4)
  2 slime creature simulacra (IceCv)
  3 kobold brigands
  13 bullfrogs
  3 glowing shapeshifter simulacra (IceCv)
  A necrophage (D:7)
  An earth elemental (Elf:1)
  15 wights
  4 scorpions
  Dowan (D:5)
  A troll zombie (D:12)
  12 killer bees
  5 electric eels
  3 howler monkeys (D:14)
  5 starcursed masses (Abyss:4)
  7 hounds
  13 jellies
  A gnoll bouda (D:8)
  3 orc priests
  Crazy Yiuf (D:4)
  14 iguanas
  Jessica (D:3)
  13 orc wizards
  4 shapeshifter simulacra (IceCv)
  7 hell rats (Lair:5)
  6 ogre zombies (D:12)
  Robin (D:2)
  8 gnolls
  9 adders
  4 shadow imps
  A white imp (D:7)
  3 worms
  3 dart slugs
  38 orcs
  5 bats
  14 endoplasms
  3 giant cockroaches
  16 goblins
  7 hobgoblins
  3 jackals (D:2)
  20 kobolds
  3 quokkas
  7 ball pythons
  21 frilled lizards
  2 goblin skeletons (D:12)
  4 goblin zombies (D:12)
  A hobgoblin skeleton (D:12)
  4 hobgoblin zombies (D:12)
  2 orc skeletons (D:12)
  12 orc zombies (D:12)
  4 rats (D:1)
  A briar patch (Swamp:2)
  2 butterflies (Lair:1)
  A fire vortex (Swamp:4)
  A lurking horror (Abyss:4)
  A starspawn tentacle (Abyss:4)
1079 creatures vanquished.

Vanquished Creatures (collateral kills)
  A worldbinder (Abyss:4)
1 creature vanquished.

Vanquished Creatures (others)
  A komodo dragon (Lair:5)
  A bloated husk (Swamp:1)
  A jumping spider (Spider:3)
  A steam dragon (Swamp:4)
  3 swamp drakes (Swamp:4)
  A briar patch (Swamp:2)
  14 foxfires
  86 fungi
  77 plants
  A starspawn tentacle (Abyss:4)
  9 toadstools (Swamp:2)
195 creatures vanquished.

Grand Total: 1275 creatures vanquished

Notes
Turn   | Place    | Note
-------+----------+-------------------------------------------
     0 | D:1      | Gumption the Minotaur Berserker began the quest for the
                  | Orb.
     0 | D:1      | Reached XP level 1. HP: 19/19 MP: 0/0
   169 | D:1      | Reached XP level 2. HP: 26/27 MP: 1/1
   528 | D:1      | Reached XP level 3. HP: 33/33 MP: 2/2
   593 | D:1      | Found a faded altar of an unknown god.
   594 | D:1      | Reached ** piety under Trog
  1000 | D:2      | Reached XP level 4. HP: 41/41 MP: 3/3
  1016 | D:2      | Reached skill level 5 in Axes
  1733 | D:3      | Noticed Robin
  1748 | D:2      | Killed Robin
  2008 | D:3      | Noticed Jessica
  2014 | D:3      | Killed Jessica
  2015 | D:3      | Reached XP level 5. HP: 44/47 MP: 4/4
  2443 | D:4      | Reached skill level 5 in Fighting
  2652 | D:4      | Reached XP level 6. HP: 49/56 MP: 5/5
  2692 | D:4      | Found a staircase to the Ecumenical Temple.
  2789 | D:4      | Found a runed translucent door.
  2789 | D:4      | Noticed Crazy Yiuf
  2792 | D:4      | Killed Crazy Yiuf
  3119 | D:4      | Reached *** piety under Trog
  3281 | D:4      | Reached skill level 5 in Armour
  3281 | D:4      | Reached XP level 7. HP: 60/62 MP: 6/6
  3479 | D:4      | Found a bloodstained altar of Trog.
  3535 | D:5      | Entered Level 5 of the Dungeon
  3663 | D:5      | Noticed Grinder
  3672 | D:5      | Killed Grinder
  3831 | D:5      | Noticed Edmund
  3862 | D:5      | Killed Edmund
  3863 | D:5      | Reached XP level 8. HP: 71/71 MP: 3/7
  4036 | D:5      | Found a glowing silver altar of Zin.
  4184 | D:5      | Found an ornate altar of the Wu Jian Council.
  4234 | D:5      | Noticed Dowan
  4265 | D:5      | Killed Dowan
  4302 | D:5      | Found a snail-covered altar of Cheibriados.
  4302 | D:5      | Noticed Duvessa
  4312 | D:5      | Killed Duvessa
  4604 | D:6      | Reached skill level 10 in Axes
  4790 | D:6      | Found a shimmering altar of Xom.
  4892 | D:6      | Found a white marble altar of Elyvilon.
  4892 | D:6      | Found a sparkling altar of Nemelex Xobeh.
  4893 | D:6      | Found a glowing golden altar of the Shining One.
  4928 | D:6      | Identified the +0 robe "Etopn" {rElec Int+3}
  4965 | D:6      | Reached XP level 9. HP: 81/81 MP: 8/8
  6272 | D:7      | Noticed a cyclops
  6272 | D:7      | Noticed a gargoyle
  6272 | D:7      | Noticed a deep elf pyromancer
  6308 | D:7      | Killed a gargoyle
  6312 | D:7      | Killed a cyclops
  6401 | D:7      | Killed a deep elf pyromancer
  6453 | D:7      | Identified the +7 lajatang of the Impish God {freeze, rElec
                  | rPois Will+ Int-2}
  6454 | D:7      | Identified the ring of the Republic {MP+9 Int+3}
  6458 | D:7      | Identified the +3 sling of the Pit {flame, Dex+6}
  6461 | D:7      | Noticed a gargoyle
  6474 | D:7      | Killed a gargoyle
  6475 | D:7      | Reached XP level 10. HP: 91/91 MP: 9/9
  6503 | D:7      | Noticed a seven-headed hydra
  6515 | D:7      | Killed a seven-headed hydra
  6748 | D:7      | Reached skill level 10 in Fighting
  7018 | D:7      | Noticed a purple ugly thing
  7038 | D:7      | Killed a purple ugly thing
  7039 | D:7      | Reached skill level 10 in Armour
  7238 | D:8      | Identified a scroll of acquirement
  7238 | D:8      | Acquired a +0 pair of gloves of infusion
  7273 | D:8      | You fall into a shaft and drop 3 floors!
  7279 | D:10     | Entered Level 10 of the Dungeon
  7295 | D:10     | Reached **** piety under Trog
  7947 | D:8      | Reached XP level 11. HP: 99/100 MP: 6/10
  8083 | D:8      | Found a staircase to the Lair.
  8374 | D:8      | Found Uniy's Serpentskin Sales.
  8911 | D:9      | Found a shimmering blue altar of Sif Muna.
  9251 | D:9      | Noticed a two-headed ogre
  9262 | D:9      | Killed a two-headed ogre
  9263 | D:9      | Reached skill level 15 in Axes
  9323 | D:9      | Noticed Maurice
  9358 | D:9      | Killed Maurice
  9749 | D:10     | Noticed a two-headed ogre
  9760 | D:10     | Killed a two-headed ogre
 10894 | D:11     | Reached ***** piety under Trog
 11344 | D:11     | Noticed a two-headed ogre
 11348 | D:11     | Killed a two-headed ogre
 11732 | D:12     | Noticed a boulder beetle
 11744 | D:12     | Killed a boulder beetle
 12010 | D:12     | Found a staircase to the Orcish Mines.
 12044 | D:12     | Noticed a two-headed ogre
 12089 | D:12     | Killed a two-headed ogre
 12090 | D:12     | Reached XP level 12. HP: 91/112 MP: 0/11
 12507 | D:12     | Noticed a six-headed hydra
 12662 | D:12     | Killed a six-headed hydra
 13704 | Lair:1   | Entered Level 1 of the Lair of Beasts
 13718 | Lair:1   | Noticed Sonja
 13729 | Lair:1   | Killed Sonja
 13837 | Lair:1   | Noticed a catoblepas
 13848 | Lair:1   | Killed a catoblepas
 13864 | Lair:1   | Identified the +1 war axe of the Imbibing Visionary {venom,
                  | rPois Dex+3}
 14080 | Lair:1   | Noticed Amaemon
 14080 | Lair:1   | Noticed a catoblepas
 14098 | Lair:1   | Killed a catoblepas
 14107 | Lair:1   | Killed Amaemon
 14430 | Lair:1   | Identified the amulet of Paonu {Faith Harm rN+}
 14784 | Lair:2   | Noticed a catoblepas
 14796 | Lair:2   | Killed a catoblepas
 15269 | Lair:2   | Reached XP level 13. HP: 123/123 MP: 6/12
 15445 | Lair:2   | Found a staircase to the Swamp.
 15542 | Lair:2   | Reached skill level 5 in Dodging
 15747 | Lair:2   | Found a hole to the Spider Nest.
 16760 | Lair:3   | Received a gift from Trog
 17281 | Lair:4   | Reached skill level 15 in Fighting
 17359 | Lair:4   | Found a viscous altar of Jiyva.
 17360 | Lair:4   | Found a staircase to the Slime Pits.
 17572 | Lair:4   | Reached skill level 15 in Armour
 17734 | Lair:4   | Identified the +3 whip of Popular Demand {holy, *Slow Fly
                  | rCorr Str+5}
 18604 | Lair:4   | Received a gift from Trog
 18927 | Lair:5   | Entered Level 5 of the Lair of Beasts
 19038 | Lair:5   | Reached XP level 14. HP: 125/135 MP: 7/13
 19113 | Lair:5   | Found a frozen archway.
 19126 | IceCv    | Entered an ice cave
 19232 | IceCv    | Noticed a quicksilver ooze
 19249 | IceCv    | Killed a quicksilver ooze
 19316 | IceCv    | Reached skill level 10 in Dodging
 19945 | IceCv    | Noticed a quicksilver ooze
 19952 | IceCv    | Killed a quicksilver ooze
 20021 | IceCv    | Found a viscous altar of Jiyva.
 20021 | IceCv    | Noticed an azure jelly
 20034 | IceCv    | Killed an azure jelly
 20094 | IceCv    | Noticed a quicksilver ooze
 20102 | IceCv    | Killed a quicksilver ooze
 20167 | IceCv    | Got the ring "Cypeej" {Ice Int+4}
 20338 | IceCv    | Got the ring "Hyell" {rElec rC+ Str+4 Dex+2 Slay+2}
 20478 | Lair:5   | Identified the +4 hand axe "Beinexob" {vorpal, rPois rN+
                  | Str-5 Int+2}
 20908 | Lair:5   | Noticed SharpKris's ghost (journeyman SpFE)
 20913 | Lair:5   | Found a transporter.
 20943 | Lair:5   | Found a transporter.
 20954 | Lair:5   | Received a gift from Trog
 21131 | Lair:5   | Reached ****** piety under Trog
 21728 | Lair:5   | Reached XP level 15. HP: 147/147 MP: 3/14
 22318 | Orc:1    | Entered Level 1 of the Orcish Mines
 22318 | Orc:1    | Noticed Jorgrun
 22318 | Orc:1    | Noticed Harold
 22330 | D:12     | Killed Jorgrun
 22396 | Orc:1    | Killed Harold
 22508 | Orc:1    | Found a bloodstained altar of Trog.
 22508 | Orc:1    | Noticed RogiNicba's ghost (journeyman MiBe)
 22509 | Orc:1    | Noticed an orc warlord
 22510 | Orc:1    | Found a transporter.
 22534 | Orc:1    | Found a transporter.
 22602 | Orc:1    | Noticed Josephine
 22608 | Orc:1    | Killed Josephine
 22734 | Orc:1    | Found Upoopam's Magic Scroll Shop.
 22739 | Orc:1    | Bought a scroll of identify for 24 gold pieces
 22739 | Orc:1    | Bought a scroll of identify for 24 gold pieces
 22739 | Orc:1    | Bought a scroll of identify for 24 gold pieces
 22892 | Orc:2    | Entered Level 2 of the Orcish Mines
 22892 | Orc:2    | Found a staircase to the Elven Halls.
 23118 | Orc:2    | Reached skill level 15 in Dodging
 23170 | Orc:2    | Found Caep's Armour Emporium.
 23170 | Orc:2    | Found Tugom's Distillery.
 23171 | Orc:2    | Found Pusched's Weapon Shop.
 23171 | Orc:2    | Found Tucer's Magic Scroll Emporium.
 23277 | Orc:2    | Bought a scroll of identify for 30 gold pieces
 23277 | Orc:2    | Bought a scroll of identify for 30 gold pieces
 23277 | Orc:2    | Bought a scroll of identify for 30 gold pieces
 25263 | D:14     | Found a gate to the Vaults.
 25463 | D:15     | Entered Level 15 of the Dungeon
 25534 | D:15     | Reached XP level 16. HP: 134/159 MP: 5/15
 26022 | D:15     | Received a gift from Trog
 26150 | D:15     | Found a staircase to the Depths.
 26714 | Spider:1 | Entered Level 1 of the Spider Nest
 27472 | Spider:1 | Acquired the +1 kite shield of Solebb {Rampage rPois Will-
                  | Dex+6}
 27730 | Spider:1 | Reached skill level 1 in Shields
 28353 | Spider:2 | Received a gift from Trog
 28921 | Spider:2 | Reached skill level 5 in Shields
 30320 | Spider:4 | Entered Level 4 of the Spider Nest
 30570 | Spider:4 | Found a runed translucent gate.
 30571 | Spider:4 | Found a runed translucent gate.
 30571 | Spider:4 | Found a runed translucent gate.
 30573 | Spider:4 | Noticed reativica's ghost (journeyman CeHu)
 30573 | Spider:4 | Noticed Maetef's ghost (journeyman GnSk)
 30573 | Spider:4 | Noticed engelados's ghost (adept BaIE)
 30897 | Spider:4 | Reached XP level 17. HP: 170/170 MP: 13/16
 31102 | Spider:4 | Received a gift from Trog
 32112 | Spider:4 | Reached skill level 10 in Shields
 32672 | Spider:4 | Got a gossamer rune of Zot
 32923 | Lair:2   | Reached XP level 18. HP: 180/180 MP: 17/17
 32928 | Swamp:1  | Entered Level 1 of the Swamp
 34033 | Swamp:2  | Received a gift from Trog
 35479 | Swamp:3  | Identified the +8 sling of Radicalism {freeze, Str+2 Int+4
                  | Stlth-}
 35496 | Swamp:4  | Entered Level 4 of the Swamp
 36055 | Swamp:4  | Reached XP level 19. HP: 189/189 MP: 12/18
 36138 | Swamp:4  | Identified the +8 war axe of Peace {flame, +Blink rElec
                  | Dex+4} (Trog gifted it to you on level 4 of the Swamp)
 36138 | Swamp:4  | Received a gift from Trog
 36228 | Swamp:4  | Identified Roxanne's Compendium of Shaping
 36228 | Swamp:4  | Noticed Roxanne
 36578 | Swamp:4  | Reached skill level 15 in Shields
 37295 | Swamp:4  | Got a decaying rune of Zot
 37584 | Orc:1    | Bought a scroll of blinking for 90 gold pieces
 37584 | Orc:1    | Bought 2 scrolls of enchant armour for 180 gold pieces
 37584 | Orc:1    | Bought a scroll of blinking for 90 gold pieces
 37584 | Orc:1    | Bought a scroll of teleportation for 36 gold pieces
 37584 | Orc:1    | Bought a scroll of teleportation for 36 gold pieces
 37615 | Orc:2    | Bought a scroll of teleportation for 45 gold pieces
 37615 | Orc:2    | Bought a scroll of blinking for 112 gold pieces
 37651 | Elf:1    | Entered Level 1 of the Elven Halls
 38037 | Elf:1    | Paralysed by an air elemental for 1 turns
 38074 | Elf:1    | Paralysed by an air elemental for 1 turns
 38804 | Abyss:4  | Cast into level 4 of the Abyss (+0 halberd of distortion)
 38821 | Abyss:4  | Identified the +11 chain mail of the Scribe {rElec rN++
                  | Str-5 SInv}
 38889 | Abyss:4  | Received a gift from Trog
 38903 | Abyss:4  | Gained mutation: You are frail. (-10% HP) [a cacodemon]
 38927 | Abyss:4  | Paralysed by accursed screaming for 1 turns
 38946 | Abyss:4  | HP: 8/171 [entropy weaver (6)]
 38947 | Abyss:4  | Killed from afar by a starcursed mass

Illustrated notes

Levels and vault maps discovered:
D:1:      dpeg_arrival_arbitrary_c, layout_basic,
          shapermc_ecumenical_altar_notcrosses
D:2:      layout_loops_ring, item_on_display_a
D:3:      layout_loops_cross, uniq_robin, uniq_jessica
D:4:      layout_loops_ring, lightli_temple_of_fire,
          minmay_temple_entry_junction, uniq_crazy_yiuf_cottage
D:5:      layout_cave_pods, cheibriados_altar_1, mainiacjoe_overflow_paths,
          kennysheep_mini, kennysheep_generic_room_14, uniq_duvessa,
          uniq_grinder, uniq_edmund
D:6:      layout_basic, gammafunk_temple_overflow_claw,
          mainiacjoe_overflow_chevrons
D:7:      minmay_the_grid_octo_2x2 [minmay_the_grid_octo_checkerflower,
          minmay_the_grid_octo_toaster, minmay_the_grid_octo_empty,
          minmay_the_grid_octo_prize_star], layout_basic
D:8:      layout_basic, due_lair_maze_entry_diamond, minivault_21,
          guppyfry_shop_venom
D:9:      layout_loops_corners, nicolae_sif_muna_condensation,
          grunt_ministairs_10, uniq_maurice
D:10:     layout_layer_cave
D:11:     layout_basic
D:12:     layout_basic, zombieorc2_lemuel
D:13:     layout_rooms
D:14:     layout_long_grid, skrybe_vaults_entry_preservation
D:15:     gammafunk_enter_depths_forms, layout_long_grid,
          hangedman_decor_riveting, serial_glass, glass_columns_a,
          glass_columns_a, nrook_guardian_serpent_ordinary
Lair:1:   layout_chaotic_city, lemuel_fruit_fields, uniq_amaemon, uniq_sonja
Lair:2:   layout_long_grid, palyth_hydra_swamp_entry, spider_nest_entry_rubble
Lair:3:   layout_hall_layers, grunt_megastairs_1
Lair:4:   lemuel_reptile_caves, layout_regular_city,
          minmay_slime_entry_jelly_boxes
Lair:5:   evilmike_catoblepas_cave, layout_small_grid, portal_ice_cave_rime,
          gammafunk_ghost_arena, serial_bayou_crossing,
          infiniplex_staircase_pool_2
Swamp:1:  layout_basic_swamp, nicolae_swamp_treefoil, swamp_pool4
Swamp:2:  cheibrodos_swamp_tower_of_moss, layout_basic_swamp, serial_swamp_ruin,
          evilmike_swamp_ruin_house_5, hangedman_swamp_ruin_wall
Swamp:3:  nicolae_swamp_standing_stones, layout_basic_swamp,
          nicolae_swamp_very_dense_foliage, infiniplex_staircase_pool
Swamp:4:  swamp_fiery, layout_basic_swamp, swamp_pool3, uniq_roxanne
Spider:1: layout_spider_delve, hellmonk_watch_for_rolling_rocks
Spider:2: layout_cave_pods, drop_trap, einodemon_crawler_minivault
Spider:3: layout_spider_delve
Spider:4: hellmonk_spider_rune_bug_friends, gammafunk_ghost_cemetery
Orc:1:    layout_diamond_mine, gammafunk_ghost_wrathful_warriors, serial_shops,
          nicolae_shop_hallway_stairs, uniq_jorgrun, uniq_josephine, uniq_harold
Orc:2:    st_orc_ogre_mass, layout_diamond_mine, nicolae_orc_pool_cavern,
          nicolae_orc_lost_temple
Elf:1:    layout_geoelf_octagon, evilmike_minifort, minivault_24
Abyss:4:  base: Crypt:1, bh_abyss_exit_choice, hangedman_illusive_loot,
          bh_abyss_xom_lugonu_altar, hangedman_abyss_or_decor_passed,
          minivault_20, abyss_greek_temple, hangedman_abyss_stitches_cave,
          nicolae_abyss_rune_left_handed

Skill      XL: |  1  2  3  4  5  6  7  8  9 10 11 12 13 14 15 16 17 18 19 |
---------------+----------------------------------------------------------+-----
Axes           | 4 5 6 7 8 10 12 14 16 18 | 18.0
Fighting       | 4 5 6 8 9 10 12 13 15 17 18 20 21 | 21.8
Armour         | 3 4 5 6 7 8 10 12 13 15 17 18 19 20 21 | 21.7
Dodging        | 4 8 13 15 16 17 | 17.0
Shields        | 7 12 14 15 | 15.8

Action                   |  1- 3 |  4- 6 |  7- 9 | 10-12 | 13-15 | 16-18 | 19-21 || total
-------------------------+-------+-------+-------+-------+-------+-------+-------++-------
Melee: Hand axe          |    67 |   157 |     3 |       |       |       |       ||   227
       Headbutt          |     8 |    17 |    41 |   150 |   246 |   256 |    85 ||   803
       Punch             |     2 |       |     3 |    13 |    10 |       |       ||    28
       War axe           |       |       |   207 |   680 |   528 |       |       ||  1415
       Spear             |       |       |       |     6 |       |       |       ||     6
       Whip              |       |       |       |     3 |    45 |    16 |    22 ||    86
       Broad axe         |       |       |       |       |    74 |   719 |   278 ||  1071
       Battleaxe         |       |       |       |       |   295 |   115 |       ||   410
Throw: Throwing net      |       |       |       |       |     1 |       |       ||     1
       Boomerang         |       |       |       |       |       |     4 |       ||     4
Invok: Trog's Hand       |       |     1 |     4 |     4 |     7 |     3 |     3 ||    22
       Berserk           |       |     1 |     4 |     5 |     6 |       |       ||    16
       Brothers in Arms  |       |       |       |       |       |       |     1 ||     1
Evoke: Wand              |       |     3 |     2 |     2 |       |     7 |       ||    14
  Use: Scroll            |       |     9 |     2 |    12 |     9 |     4 |     2 ||    38
       Potion            |       |       |       |       |     1 |     1 |     1 ||     3
 Stab: Sleeping          |     1 |       |       |       |       |       |     1 ||     2
       Petrified         |       |       |       |       |     5 |       |       ||     5
Armor: Robe              |    12 |       |       |       |       |       |       ||    12
       Chain mail        |       |    74 |    90 |    24 |       |       |       ||   188
       Plate armour      |       |       |       |   381 |   625 |   440 |   232 ||  1678
       Skin              |       |       |       |       |       |     2 |       ||     2
Dodge: Dodged            |    46 |    53 |    84 |   208 |   507 |   498 |   203 ||  1599
Block: Kite shield       |       |       |       |       |       |   463 |   256 ||   719
       Reflection        |       |       |       |       |       |       |     2 ||     2
